 Dungeon Crawl Stone Soup version 0.28-a0-413-gde365fb1df (webtiles) character file.

Game seed: 10090459296605570903

56 lunkers the Ruffian (level 3, -6/37 HPs)
             Began as a Troll Cinder Acolyte on Sept 7, 2021.
             Was a High Priest of Ignis.
             Mangled by an iron imp (8 damage)
             ... summoned by Natasha
             ... on level 2 of the Dungeon.
             The game lasted 00:01:15 (686 turns).

lunkers the Ruffian (Troll Cinder Acolyte)           Turns: 686, Time: 00:01:15

Health: -6/37      AC:  4    Str: 22    XL:     3   Next: 71%
Magic:  3/3        EV: 13    Int: 10    God:    Ignis [*****.]
Gold:   73         SH:  0    Dex:  6    Spells: 4/4 levels left

rFire   + . .      SeeInvis .     - Unarmed
rCold   . . .      Faith    .   (no shield)
rNeg    . . .      Spirit   .   a - +0 robe
rPois   .          Reflect  .   (helmet restricted)
rElec   .          Harm     .   (no cloak)
rCorr   +          Rampage  .   (gloves unavailable)
Will    .....                   (boots unavailable)
Stlth   +.........              (no amulet)
HPRegen 1.12/turn               c - ring of resist corrosion
MPRegen 0.08/turn               d - +4 ring of evasion

@: slowed, very slow
A: large, unfitting armour, claws 3, regeneration 1, shaggy fur 1, tough skin 1
a: Renounce Religion, Sea of Fire, Foxfire Swarm, Rising Flame


You were on level 2 of the Dungeon.
You worshipped Ignis.
Ignis was extremely pleased with you.
You visited 1 branch of the dungeon, and saw 2 of its levels.

You collected 73 gold pieces.

Inventory:

Armour
 a - a +0 robe (worn)
Jewellery
 c - a ring of resist corrosion (left claw)
 d - a +4 ring of evasion (right claw)
Potions
 b - a potion of cancellation {unknown}
 e - 2 potions of curing {unknown}
 f - a potion of invisibility {unknown}


   Skills:
 + Level 3.0 Fighting
 * Level 4.2 Unarmed Combat
 - Level 1.0 Spellcasting
 - Level 2.1 Fire Magic


You had 4 spell levels left.
You didn't know any spells.
Your spell library contained the following spells:

 Spells                   Type           Power      Damage    Failure   Level
 Scorch                   Fire           8%         2d5       22%         2
 Dazzling Flash           Conj/Hex       0%         N/A       71%         3
 Agony                    Necr           0%         N/A       100%        5
 Silence                  Hex/Air        0%         N/A       100%        5


Dungeon Overview and Level Annotations

Branches:
Dungeon (2/15)

Altars:

Annotations:
D:2 Natasha


Innate Abilities, Weirdness & Mutations

You are too large for most types of armour.
You have claws for hands.
Your natural rate of healing is unusually fast.
You are covered in fur. (AC +1)
You have tough skin. (AC +1)


Message History

The crimson imp hits you but does no damage.
The iron imp closely misses you.
You barely miss Natasha. Natasha completely misses you.
The crimson imp closely misses you. The iron imp misses you. Natasha claws you.
* * * LOW HITPOINT WARNING * * *
You scratch Natasha.
Natasha is lightly wounded.
The crimson imp hits you but does no damage.
The iron imp closely misses you. Natasha claws you.
* * * LOW HITPOINT WARNING * * *
The crimson imp blinks!
You barely miss Natasha.
Natasha is lightly wounded.
Natasha barely misses you. The iron imp hits you.
* * * LOW HITPOINT WARNING * * *
Natasha stares at you and mumbles some strange words.
The magic dart hits you!
* * * LOW HITPOINT WARNING * * *
You barely miss Natasha.
Natasha is lightly wounded.
The iron imp closely misses you. Natasha claws you but does no damage.
Unknown command.
You completely miss Natasha.
Natasha is lightly wounded.
The iron imp barely misses you. Natasha claws you.
* * * LOW HITPOINT WARNING * * *
The crimson imp blinks!
The iron imp closely misses you.
You barely miss Natasha.
Natasha is lightly wounded.
Natasha barely misses you. Natasha claws you but does no damage.
The iron imp hits you but does no damage.
Unknown command.
You closely miss Natasha.
Natasha is lightly wounded.
The crimson imp disappears in a puff of smoke!
Natasha casts a spell at you. The magic dart hits you!
* * * LOW HITPOINT WARNING * * *
The iron imp hits you!
You die...

### #.#.# ..#
####.#.####
#.########....#....#
.......†...#######<#
.....###.#....#....#
## #.##.#
#.####.#.##.# .(
..##.# #.#
#.#.##.###.####.
..##.# #.#
##...##§..†......
####.###.#
#...5@h...†..####
#.....#
#.####.#####.#
#####># #.# #.# #
#.# #.# #.#
########.# #.# #.#
.........# #.# #.#
########.# #.# #.#
#.# #.# #(# #.###.#
#.#


You could see an iron imp (summoned) and Natasha.

Vanquished Creatures
  Natasha (D:2)
  A dart slug (D:1)
  2 ball pythons (D:1)
  3 bats
  2 giant cockroaches
  4 goblins (D:1)
  4 hobgoblins
  3 kobolds
  A quokka (D:1)
  4 frilled lizards (D:1)
  2 rats (D:1)
27 creatures vanquished.

Notes
Turn   | Place    | Note
-------+----------+-------------------------------------------
     0 | D:1      | lunkers the Troll Cinder Acolyte began the quest for the
                  | Orb.
     0 | D:1      | Reached XP level 1. HP: 22/22 MP: 1/1
   123 | D:1      | Reached XP level 2. HP: 29/29 MP: 2/2
   552 | D:2      | Reached XP level 3. HP: 36/36 MP: 3/3
   631 | D:2      | Noticed Natasha
   634 | D:2      | Killed Natasha
   635 | D:2      | Reached skill level 4 in Unarmed Combat
   672 | D:2      | Noticed Natasha
   686 | D:2      | Mangled by an iron imp

Illustrated notes

Levels and vault maps discovered:
D:1:      minmay_arrival_four_circles, layout_rooms, grunt_decor_junction
D:2:      layout_loops_ring, uniq_natasha

Skill      XL: |  1  2  3 |
---------------+----------+-----
Fighting       | 3 |  3.0
Unarmed Combat | 4 |  4.2
Spellcasting   | |  1.0
Fire Magic     | |  2.1

Action                   || total
-------------------------++-------
Melee: Unarmed           ||    96
       Punch             ||     3
Armor: Robe              ||    32
Dodge: Dodged            ||    55

Table legend: (Time is in decaauts)
 A = Elapsed time spent in this place.
 B = Non-inter-level travel time spent in this place.
 C = Inter-level travel time spent in this place.
 D = Time resting spent in this place.
 E = Time spent auto-exploring this place.
 F = Levels seen in this place.
 G = Mean time per level.
                   A        B        C        D        E       F      G
               +--------+--------+--------+--------+--------+-----+--------+
         Total |    684 |    650 |     34 |      0 |    462 |   2 |  342.0 |
       Dungeon |    684 |    650 |     34 |      0 |    462 |   2 |  342.0 |
               +--------+--------+--------+--------+--------+-----+--------+

Top non-repeatable levels by time:
     D:1: 533 daAuts
     D:2: 150 daAuts
